 Dungeon Crawl Stone Soup version 0.27.0-1-g7a089689b8 (webtiles) character file.

Game seed: 6264869419837403601

189 robertstho the Ruffian (level 5, -1/45 HPs)
             Began as a Ghoul Gladiator on Aug 6, 2021.
             Slain by a river rat (6 damage)
             ... in a sewer.
             The game lasted 00:02:59 (1721 turns).

robertstho the Ruffian (Ghoul Gladiator)            Turns: 1721, Time: 00:02:59

Health: -1/45      AC:  9    Str: 18      XL:     5   Next: 68%
Magic:  4/4        EV:  7    Int:  4      God:
Gold:   135        SH:  0    Dex:  9 (10) Spells: 4/4 levels left

rFire    . . .     SeeInvis .     - Unarmed
rCold    + . .     Faith    .   (no shield)
rNeg     + + +     Spirit   .   i - +0 chain mail
rPois    ∞         Reflect  .   b - +0 helmet
rElec    .         Harm     .   (no cloak)
rCorr    .         Rampage  .   (no gloves)
Will     +....                  (no boots)
Stlth    ..........             (no amulet)
HPRegen  0.00/turn              e - ring of willpower
MPRegen  0.09/turn              (no ring)

@: inhibited regen
A: claws 1, cold resistance 1, negative energy resistance 3, inhibited
regeneration, torment resistance 2
a: no special abilities


You were in a sewer.
You visited 1 branch of the dungeon, and saw 3 of its levels.
You also visited: Sewer.

You collected 135 gold pieces.

Inventory:

Missiles
 c - 3 throwing nets (quivered)
Armour
 b - a +0 helmet (worn)
 i - a +0 chain mail (worn)
Jewellery
 e - a ring of willpower (left claw)


   Skills:
 * Level 3.1 Fighting
 + Level 1.9 Throwing
 + Level 1.0 Armour
 + Level 3.1 Dodging
 + Level 0.1 Stealth
 * Level 5.8 Unarmed Combat


You had 4 spell levels left.
You didn't know any spells.
Your spell library contained the following spells:

 Spells                   Type           Power      Damage    Failure   Level
 Ensorcelled Hibernation  Hex/Ice        0%         N/A       100%        2
 Shadow Creatures         Summ           N/A        N/A       100%        6
 Spider Form              Tmut/Pois      Unusable   N/A       N/A         3

Dungeon Overview and Level Annotations

Branches:
Dungeon (3/15)              Sewer (1/1)

Altars:
Ashenzari


Innate Abilities, Weirdness & Mutations

You thrive by killing the living.
You are immune to poison.
You have sharp fingernails.
Your flesh is cold resistant. (rC+)
You are immune to negative energy. (rN+++)
You do not regenerate when monsters are visible.
You are immune to unholy pain and torment.


Message History

The river rat is lightly wounded.
You scratch the river rat. Your claw misses the river rat.
The river rat is heavily wounded.
The river rat barely misses you.
You claw the river rat!
You kill the river rat!
There is a gate leading back out of this place here.
The river rat seems to regain its courage.
You are starting to lose your buoyancy.
The river rat twitches its whiskers.
The river rat bites you but does no damage.
You barely miss the river rat.
The river rat bites you but does no damage.
You claw the river rat!
You kill the river rat!
Your Fighting skill increases to level 3!
Your chain mail prevents you from hitting the river rat.
The river rat bites you.
* * * LOW HITPOINT WARNING * * *
You closely miss the river rat.
You float gracefully downwards.
The river rat bites you but does no damage.
You scratch the river rat.
The river rat is severely wounded.
The river rat barely misses you.
You scratch the river rat but do no damage.
The river rat is severely wounded.
The river rat bites you but does no damage.
You scratch the river rat but do no damage.
The river rat is heavily wounded.
The river rat bites you but does no damage.
You closely miss the river rat.
The river rat is heavily wounded.
The river rat bites you.
* * * LOW HITPOINT WARNING * * *
You closely miss the river rat.
The river rat is heavily wounded.
You scratch the river rat.
The river rat is almost dead.
The river rat bites you.
You die... ################# ≈≈≈...r..∩.r@...# #################

You could see a river rat and a rat.

Vanquished Creatures
  2 orc priests (D:3)
  5 river rats
  An adder skeleton (D:2)
  A worm (D:2)
  3 dart slugs
  6 orcs
  5 endoplasms
  2 giant cockroaches
  8 goblins
  3 hobgoblins
  7 jackals
  4 kobolds
  A quokka (D:1)
  6 ball pythons
  5 bats
  2 frilled lizards (D:1)
  4 rats
65 creatures vanquished.

Notes
Turn   | Place    | Note
-------+----------+-------------------------------------------
     0 | D:1      | robertstho the Ghoul Gladiator began the quest for the Orb.
     0 | D:1      | Reached XP level 1. HP: 17/17 MP: 0/0
    91 | D:1      | Reached XP level 2. HP: 24/24 MP: 1/1
   238 | D:1      | Reached skill level 4 in Unarmed Combat
   246 | D:1      | Reached XP level 3. HP: 29/29 MP: 2/2
   650 | D:1      | Found a faded altar of an unknown god.
  1060 | D:2      | Reached XP level 4. HP: 37/37 MP: 3/3
  1144 | D:2      | Found a broken altar of Ashenzari.
  1558 | D:3      | Reached skill level 5 in Unarmed Combat
  1565 | D:3      | Reached XP level 5. HP: 31/42 MP: 4/4
  1657 | D:3      | Reached skill level 1 in Armour
  1658 | D:3      | Found a glowing drain.
  1669 | Sewer    | Entered a sewer
  1721 | Sewer    | Slain by a river rat

Illustrated notes

Levels and vault maps discovered:
D:1:      nzn_arrival_depleted_hourglass, layout_rooms,
          hellmonk_ecumenical_altar_inner_sanctum
D:2:      layout_basic, basic_altar
D:3:      layout_basic, grunt_temple_overflow_cloverleaf, serial_shops,
          nicolae_shop_statue_plus, cheibrodos_sewer_entry_sluice,
          nrook_mini_backslash
Sewer:    sewer_kobolds

Skill      XL: |  1  2  3  4  5 |
---------------+----------------+-----
Unarmed Combat | 4 5 |  5.8
Dodging        | 3 |  3.1
Armour         | 1 |  1.0
Fighting       | 3 |  3.1
Throwing       | |  1.9
Stealth        | |  0.1

Action                   |  1- 3 |  4- 6 || total
-------------------------+-------+-------++-------
Melee: Unarmed           |   110 |    83 ||   193
       Punch             |     2 |       ||     2
  Use: Scroll            |     1 |     2 ||     3
       Potion            |       |     4 ||     4
Armor: Leather armour    |    21 |       ||    21
       Chain mail        |     1 |    38 ||    39
Dodge: Dodged            |    71 |    39 ||   110
